 Dungeon Sprint DCSS version 0.31-a0-521-gc7390f8997 (webtiles) character file.

Game seed: 3496066220572660262

2 rocky1 the Changeling (level 1, 0/15 HPs)
             Began as a Demonspawn Shapeshifter on Aug 11, 2023.
             Slain by a human (5 damage)
             ... in the Dungeon (Sprint III: "The Ten Rune Challenge").
             The game lasted 00:00:14 (85 turns).

rocky1 the Changeling (Demonspawn Shapeshifter)       Turns: 85, Time: 00:00:14

Health: 0/15       AC:  2    Str: 15    XL:     1   Next: 33%
Magic:  1/1        EV: 12    Int:  9    God:
Gold:   15         SH:  0    Dex: 13    Spells: 0/0 levels left

rFire   . .          .
                       - Unarmed
rCold   . . .        (no shield)
rNeg    . . .        a - +0 animal skin
rPois   .            (helmet currently unavailable)
rElec   .            (cloak currently unavailable)
rCorr   .            (gloves currently unavailable)
SInv    .            (boots currently unavailable)
Will    .....        (no amulet)
Stlth   ++           (no ring)
HPRegen 0.22/turn    (no ring)
MPRegen 0.07/turn

%: no teleportation
@: beast-form
A: beast (slay +2)
a: Begin Untransformation


You were in the Dungeon.
You were a hulking beast.
You visited 1 branch You collected 15 gold pieces.

Inventory:

Armour
 a - a +0 animal skin (worn)
Talismans
 c - a beast talisman (active)
 d - a flux talisman
Scrolls
 j - a scroll of blinking
Potions
 b - a potion of lignification
 e - a potion of curing
 f - a potion of heal wounds
 g - a potion of haste
 h - 2 potions of magic
 i - a potion of berserk rage


   Skills:
 + Level 1.0 Fighting
 + Level 1.8 Dodging
 + Level 0.9 Stealth
 + Level 2.7 Unarmed Combat
 + Level 3.2 Shapeshifting


You couldn't memorise any spells.
You didn't know any spells.
Your spell library was empty.

Dungeon Overview and Level Annotations

Branches:
Dungeon (1/1)

Altars:


Message History

The rat is heavily wounded.
The rat barely misses you.
You hit the rat.
You kill the rat!
No target in view!
You now have 3 gold pieces.
A rat comes into view.
You hit the rat.
You kill the rat!
No target in view!
You now have 15 gold pieces (gained 12).
A rat comes into view.
The rat bites you.
You hit the rat.
You kill the rat!
No target in view!
A human comes into view.
The human shouts!
You hit the human.
The human is lightly wounded.
The human hits you but does no damage.
You barely miss the human. You punch the human.
The human is lightly wounded.
The human closely misses you.
You closely miss the human.
The human is lightly wounded.
The human hits you.
You hit the human.
The human is moderately wounded.
The human barely misses you.
You hit the human.
The human is heavily wounded.
The human hits you.
You hit the human.
The human is heavily wounded.
The human misses you.
You hit the human.
The human is severely wounded.
The human hits you.
You die...

▓<..#...####
▓...#......##
▓..##.......#
▓##.##.##...# .#
##.##.###..# ..#
▓#.####.##..# ...+
▓.###..##..##
#p..# ▓#.....##..#
#....#
###..##..h##.....#
##..##...p#......#
#..###..##.# #..#
#.. ### ▓▓▓▓ ▓▓▓


You could see a human.

Vanquished Creatures
  4 rats (D)
4 creatures vanquished.

Notes
Turn   | Place    | Note
-------+----------+-------------------------------------------
     0 | D        | rocky1 the Demonspawn Shapeshifter began the quest for the
                  | Orb.
     0 | D        | Reached XP level 1. HP: 15/15 MP: 1/1
    11 | D        | Reached skill level 3 in Shapeshifting
    85 | D        | Slain by a human

Illustrated notes

Levels and vault maps discovered:
D:        dungeon_sprint_mu [sprint_mu_entry_cave, sprint_mu_temple_rooms,
          sprint_mu_d1_spiders, sprint_mu_d2_genie, sprint_mu_d3_branching,
          sprint_mu_orc_legion, sprint_mu_elf_gauntlet, sprint_mu_hive_nellie,
          sprint_mu_lair_fedhas, sprint_mu_vaults_butterflies,
          sprint_mu_slime_circle, sprint_mu_swamp_cave, sprint_mu_snake_twists,
          sprint_mu_blade_basic, sprint_mu_crypt_fortress,
          sprint_mu_tomb_spiral, sprint_mu_vestibule_basic,
          sprint_mu_gehenna_hellfire, sprint_mu_dis_giant,
          sprint_mu_tartarus_statrot, sprint_mu_cocytus_islands, sprint_mu_zot1]

Skill      XL: |  1 |
---------------+----+-----
Shapeshifting  | 3 |  3.2
Fighting       | |  1.0
Dodging        | |  1.8
Stealth        | |  0.9
Unarmed Combat | |  2.7

Action                     || total
---------------------------++-------
  Melee: Unarmed           ||    16
         Punch             ||     1
   Stab: Sleeping          ||     1
 Armour: Animal skin       ||     2
  Dodge: Dodged            ||     5

Table legend: (Time is in decaauts)
 A = Elapsed time spent in this place.
 B = Non-inter-level travel time spent in this place.
 C = Inter-level travel time spent in this place.
 D = Time resting spent in this place.
 E = Time spent auto-exploring this place.
 F = Levels seen in this place.
 G = Mean time per level.
                   A        B        C        D        E       F      G
               +--------+--------+--------+--------+--------+-----+--------+
         Total |     84 |     84 |      0 |      0 |     54 |   1 |   84.0 |
       Dungeon |     84 |     84 |      0 |      0 |     54 |   1 |   84.0 |
               +--------+--------+--------+--------+--------+-----+--------+

Top non-repeatable levels by time:
       D: 84 daAuts
